 Dungeon Crawl Stone Soup version 0.30-a0-389-g8d7d949f56 (webtiles) character file.

Game seed: 11773047602740589498

97 funkygono the Firebug (level 4, 0/30 HPs)
             Began as a Demonspawn Fire Elementalist on Dec 3, 2022.
             Slain by a gnoll
             ... wielding a +0 club
              (5 damage)
             ... on level 3 of the Dungeon.
             The game lasted 00:05:24 (3044 turns).

funkygono the Firebug (DsFE)                        Turns: 3044, Time: 00:05:24

Health: 0/30       AC:  2    Str:  9    XL:     4   Next: 42%
Magic:  2/8        EV: 12    Int: 18    God:
Gold:   66         SH:  0    Dex: 13    Spells: 3/9 levels left

rFire   . . .      SeeInvis .    g - +0 mace
rCold   . . .      Faith    .    (no shield)
rNeg    . . .      Spirit   .    a - +0 robe
rPois   .          Reflect  .    (helmet restricted)
rElec   .          Harm     .    (no cloak)
rCorr   .          Rampage  .    (no gloves)
Will    .....                    (no boots)
Stlth   ++........               (no amulet)
HPRegen 0.25/turn                (no ring)
MPRegen 0.11/turn                (no ring)

@: no status effects
A: horns 2, powered by pain 1
a: no special abilities


You were on level 3 of the Dungeon.
You visited 1 branch of the dungeon, and saw 3 of its levels.

You collected 66 gold pieces.

Inventory:

Hand Weapons
 g - a +0 mace (weapon)
Armour
 a - a +0 robe (worn)
 j - a scarf of harm
Jewellery
 l - a ring of resist corrosion
Scrolls
 d - 2 scrolls of magic mapping {unknown}
 e - a scroll of noise {unknown}
 f - 2 scrolls of teleportation {unknown}
 i - a scroll of enchant weapon {unknown}
Potions
 b - 2 potions of magic
 c - 2 potions of flight {unknown}
 h - a potion of lignification {unknown}
 k - a potion of mutation {unknown}


   Skills:
 + Level 1.8 Dodging
 - Level 1.7 Stealth
 + Level 3.2 Spellcasting
 + Level 1.8 Conjurations
 + Level 3.7 Fire Magic


You had 3 spell levels left.
You knew the following spells:

 Your Spells              Type           Power      Damage    Failure   Level
a - Foxfire               Conj/Fire      48%        2x1d6     4%          1
b - Scorch                Fire           32%        2d7       5%          2
c - Kindle Blastsparks    Fire/Tloc/Air  14%        2d11      28%         3

Your spell library contained the following spells:

 Spells                   Type           Power      Damage    Failure   Level
 Inner Flame              Hex/Fire       9%         N/A       22%         3
 Ensorcelled Hibernation  Hex/Ice        4%         N/A       24%         2
 Passwall                 Tmut/Erth      1%         N/A       24%         2
 Swiftness                Air            2%         N/A       43%         3
 Flame Wave               Conj/Fire      12%        2d6       45%         4


Dungeon Overview and Level Annotations

Branches:
Dungeon (3/15)

Altars:

Shops:
D:3 :


Innate Abilities, Weirdness & Mutations

You have a pair of horns on your head.
You sometimes gain a little power by taking damage.


Message History

You conjure some foxfire!
Your foxfire dissipates!
Casting: Foxfire (safe; 4% risk of failure)
Confirm with . or Enter, or press ? or * to list all spells.
You conjure some foxfire!
The foxfire hits the gnoll.
The gnoll is moderately wounded.
The gnoll hits you from afar with a +0 spear!
A gnoll comes into view. It is wielding a +0 club.
Unknown command.
Casting: Foxfire (safe; 4% risk of failure)
Confirm with . or Enter, or press ? or * to list all spells.
You conjure some foxfire!
The gnoll barely misses you.
Unknown command.
The foxfire hits the gnoll but does no damage.
The gnoll is moderately wounded.
The foxfire hits the gnoll.
The gnoll is heavily wounded.
The foxfire hits the gnoll but does no damage.
The gnoll is heavily wounded.
The foxfire hits the gnoll.
The gnoll is severely wounded.
The foxfire hits the gnoll.
The gnoll is almost dead.
Casting: Foxfire (safe; 4% risk of failure)
Confirm with . or Enter, or press ? or * to list all spells.
You conjure some foxfire!
The gnoll hits you from afar with a +0 spear.
Unknown command.
The foxfire hits the gnoll but does no damage.
The gnoll is almost dead.
The foxfire hits the gnoll but does no damage.
The gnoll is almost dead.
The gnoll hits you from afar with a +0 spear!
* * * LOW HITPOINT WARNING * * *
The gnoll attacks as you move away! The gnoll misses you.
The gnoll attacks as you move away! The gnoll closely misses you.
The gnoll attacks as you move away! The gnoll hits you with a +0 club.
* * * LOW HITPOINT WARNING * * *
The gnoll attacks as you move away! The gnoll hits you with a +0 club.
You die...

...# #..........#....#.....#
...####............##.###...#
...)....).............. ###.#
...######........##### #.#
+### #........# #.###
#.......(# #..<# #...####)#
##### #...#..#.#
#...#..#@######
..####..#g.....#
........#g.....#
#.....#......#
######....######
#...........## #........##..#
#........###.# .# ##########
#.# .# ..


You could see 2 gnolls.

Vanquished Creatures
  2 adders (D:2)
  A worm (D:3)
  4 dart slugs
  4 orcs (D:3)
  3 endoplasms (D:1)
  3 giant cockroaches
  7 goblins
  3 hobgoblins
  4 jackals (D:2)
  2 quokkas (D:1)
  9 ball pythons
  6 bats
  3 frilled lizards
  4 kobolds
  7 rats
62 creatures vanquished.

Vanquished Creatures (others)
  188 foxfires
188 creatures vanquished.

Grand Total: 250 creatures vanquished

Notes
Turn   | Place    | Note
-------+----------+-------------------------------------------
     0 | D:1      | funkygono the Demonspawn Fire Elementalist began the quest
                  | for the Orb.
     0 | D:1      | Reached XP level 1. HP: 13/13 MP: 3/3
   220 | D:1      | Discovered your monstrous ancestry.
   220 | D:1      | Gained mutation: You have a pair of small horns on your
                  | head. [demonic ancestry]
   220 | D:1      | Reached XP level 2. HP: 19/19 MP: 0/5
   223 | D:1      | Learned a level 2 spell: Scorch
   740 | D:1      | Gained mutation: You have a pair of horns on your head.
                  | [demonic ancestry]
   740 | D:1      | Reached XP level 3. HP: 24/24 MP: 0/6
   744 | D:1      | Learned a level 3 spell: Kindle Blastsparks
  1720 | D:2      | Identified the +1 rapier of Ciedwuin {vorpal, rN+ Int+7}
  2308 | D:2      | Gained mutation: You sometimes gain a little power by
                  | taking damage. [demonic ancestry]
  2308 | D:2      | Reached XP level 4. HP: 30/30 MP: 3/8
  2841 | D:3      | Found Atafaote's Book Boutique.
  3044 | D:3      | Slain by a gnoll

Illustrated notes

Levels and vault maps discovered:
D:1:      sevenhm_arrival_forest_fort_large_2, layout_basic
D:2:      layout_basic, ebering_dispersal_statue_hall
D:3:      layout_basic, general_overflow_altar, serial_shops, nicolae_shop_stone

Skill      XL: |  1  2  3 |
---------------+----------+-----
Fire Magic     | 3 |  3.7
Spellcasting   | 3 |  3.2
Dodging        | |  1.8
Stealth        | |  1.7
Conjurations   | |  1.8

Action                   |  1- 3 |  4- 6 || total
-------------------------+-------+-------++-------
Melee: Mace              |       |     1 ||     1
 Cast: Foxfire           |    86 |    29 ||   115
       Scorch            |     2 |     1 ||     3
Armor: Robe              |     2 |       ||     2
Dodge: Dodged            |     8 |     6 ||    14

Table legend: (Time is in decaauts)
 A = Elapsed time spent in this place.
 B = Non-inter-level travel time spent in this place.
 C = Inter-level travel time spent in this place.
 D = Time resting spent in this place.
 E = Time spent auto-exploring this place.
 F = Levels seen in this place.
 G = Mean time per level.
                   A        B        C        D        E       F      G
               +--------+--------+--------+--------+--------+-----+--------+
         Total |   3043 |   2984 |     59 |      7 |   2549 |   3 | 1014.3 |
       Dungeon |   3043 |   2984 |     59 |      7 |   2549 |   3 | 1014.3 |
               +--------+--------+--------+--------+--------+-----+--------+

Top non-repeatable levels by time:
     D:1: 1494 daAuts
     D:2: 1267 daAuts
     D:3: 281 daAuts
